 Dungeon Crawl Stone Soup version 0.31.0-11-ge490571c62 (webtiles) character file.

Game seed: 1696193546208629136

83 qw the Ducker (level 4, -2/22 HPs)
             Began as a Spriggan Hunter on Feb 4, 2024.
             Killed by divine providence
             ... invoked by an orc priest
              (15 damage)
             ... on level 4 of the Dungeon.
             The game lasted 00:00:05 (1864 turns).

qw the Ducker (Spriggan Hunter)                     Turns: 1864, Time: 00:00:06

Health: -2/22      AC:  3    Str:  7    XL:     4   Next: 22%
Magic:  5/5        EV: 21    Int: 10    God:
Gold:   51         SH:  0    Dex: 26    Spells: 3/3 levels left

rFire   . . .        a - +0 shortbow
rCold   . . .        (shield currently unavailable)
rNeg    . . .        c - +0 robe
rPois   .            (helmet restricted)
rElec   .            e - +0 cloak
rCorr   .            (gloves unavailable)
SInv    +            (boots unavailable)
Will    .....        (no amulet)
Stlth   ++           f - +6 ring of dexterity
HPRegen 0.23/turn    (no ring)
MPRegen 0.09/turn

%: no passive effects
@: very quick
A: very small, no large weapons, unfitting armour, see invisible, speed 3
a: no special abilities


You were on level 4 of the Dungeon.
You visited 1 branch of the dungeon, and saw 4 of its levels.

You collected 93 gold pieces.
You spent 42 gold pieces at shops.


Innate Abilities, Weirdness & Mutations

You are very small and have problems with some larger weapons.
You are too small for most types of armour.
You have supernaturally acute eyesight. (SInv)
You cover ground extremely quickly. (Speed+++)


   Skills:
 - Level 1.5 Fighting
 + Level 4.7 Ranged Weapons
 - Level 5.0 Dodging
 - Level 1.5 Stealth


You had 3 spell levels left.
You didn't know any spells.
Your spell library was empty.

Inventory:

Hand Weapons
 a - a +0 shortbow (weapon)
Armour
 c - a +0 robe (worn)
 e - a +0 cloak (worn)
Jewellery
 f - a +6 ring of dexterity (left hand)
Scrolls
 d - a scroll of teleportation {unknown}
 i - a scroll of noise {unknown}
 k - 3 scrolls of identify
 l - a scroll of fog {unknown}
Potions
 b - 2 potions of curing
 g - a potion of heal wounds
 h - a potion of lignification {unknown}
 j - a potion of invisibility {unknown}

Dungeon Overview and Level Annotations

Branches:
Dungeon (4/15)
 Temple: D:4-7

Altars:

Shops:
D:2 ![*((


Message History

You kill the adder!
An orc comes into view. It is wielding a +0 flail.
You shoot an arrow. The arrow closely misses the orc.
A jackal comes into view.
Something completely misses the plant.
You shoot an arrow. The jackal barks!
The arrow hits the orc!
You kill the orc!
Something bites the plant.
The plant begins to die.
You shoot an arrow. The arrow hits the jackal!
You kill the jackal!
Something bites the plant.
An endoplasm comes into view.
The endoplasm moves out of view.
You shoot an arrow. The arrow closely misses the orc.
The orc priest mumbles some strange prayers to Beogh against you.
Beogh smites you!
A kobold comes into view. It is wielding a +0 club.
You hear a shout!
You shoot an arrow. The kobold shouts!
The arrow hits the orc but does no damage.
A nearby plant withers and dies.
The orc priest hits the bush but does no damage.
A hobgoblin comes into view.
You shoot an arrow. The arrow barely misses the orc.
The hobgoblin shouts!
The orc barely misses you.
You shoot an arrow. The arrow barely misses the orc.
Something bites the bush but does no damage.
The orc barely misses you.
You shoot an arrow. The arrow hits the orc!
You kill the orc!
You shoot an arrow. The arrow hits the endoplasm.
The endoplasm is lightly wounded.
The orc priest mumbles some strange prayers to Beogh against you.
Beogh smites you!
Ouch! That really hurt!
You die...

....... .....# ..
....# hP ...# gJ ..#
##P ####.# .o
######....#### .#
.............##.#
.........#...@)#
..##....#####.....#
.# ###..# #....## ..#
#..## #....# ...#
##..# #.....#
....##..#####.......#
........###.........#
...)..........##.....
..........>..##....


You could see an orc priest, an endoplasm, a jackal and a hobgoblin.

Vanquished Creatures
  5 adders
  A white imp (D:3)
  2 orcs (D:4)
  A ball python (D:1)
  5 bats
  2 endoplasms (D:1)
  3 giant cockroaches
  3 goblins
  2 hobgoblins
  A jackal (D:4)
  2 frilled lizards
  A kobold (D:4)
  A rat (D:3)
29 creatures vanquished.

Notes
Turn   | Place    | Note
-------+----------+-------------------------------------------
     0 | D:1      | qw the Spriggan Hunter began the quest for the Orb.
     0 | D:1      | Reached XP level 1. HP: 10/10 MP: 2/2
     0 | D:1      | 0 ||| qw: Version: 0.3-a-160-g6735b56
     0 | D:1      | 0 ||| qw: Game counter: 5712
     0 | D:1      | 0 ||| qw: Melee chars always use a shield: true
     0 | D:1      | 0 ||| qw: God list: Okawaru
     0 | D:1      | 0 ||| qw: Allow faded altars: false
     0 | D:1      | 0 ||| qw: Do Orc after clearing Dungeon:15 true
     0 | D:1      | 0 ||| qw: Do second Lair branch before Depths: true
     0 | D:1      | 0 ||| qw: Lair rune preference: random
     0 | D:1      | 0 ||| qw: Goals: Normal
     0 | D:1      | 0 ||| PLANNING D:1-11
    22 | D:1      | Reached skill level 3 in Dodging
   496 | D:1      | Reached XP level 2. HP: 14/14 MP: 3/3
   806 | D:1      | 806 ||| UPGRADING to +0 cloak.
   811 | D:1      | 811 ||| UPGRADING to +6 ring of dexterity.
   812 | D:1      | 812 ||| READING scroll labelled ANUINI SOKONUECZU.
   812 | D:1      | 812 ||| IDENTIFYING scroll labelled MICROT RAEXUF
   813 | D:1      | 813 ||| DROPPING scroll of butterflies.
   814 | D:1      | 814 ||| DROPPING scroll of fear.
   845 | D:2      | Found Ophymn's Antique Armour Boutique.
   850 | D:2      | Reached skill level 4 in Dodging
   890 | D:2      | Found Umog's Distillery.
   899 | D:2      | 899 ||| BUYING potion of curing (42 gold).
   899 | D:2      | Bought a potion of curing for 42 gold pieces
   899 | D:2      | 899 ||| SHOPLISTING potion of curing (42 gold, have 3).
   899 | D:2      | 899 ||| SHOPLISTING potion of heal wounds (70 gold, have
                  | 3).
   925 | D:2      | Found Iklol's Assorted Antiques.
   934 | D:2      | 934 ||| SHOPLISTING 2 glowing orange potions (39 gold, have
                  | 13).
   934 | D:2      | 934 ||| SHOPLISTING fuming red potion (19 gold, have 13).
   934 | D:2      | 934 ||| SHOPLISTING lumpy dark potion (19 gold, have 13).
   934 | D:2      | 934 ||| SHOPLISTING potion of curing (66 gold, have 13).
   934 | D:2      | 934 ||| SHOPLISTING purple potion (19 gold, have 13).
   934 | D:2      | 934 ||| SHOPLISTING scroll labelled HOD XAOCUO (22 gold,
                  | have 13).
   934 | D:2      | 934 ||| SHOPLISTING short glass wand (88 gold, have 13).
  1047 | D:2      | Reached XP level 3. HP: 18/18 MP: 4/4
  1079 | D:2      | Reached skill level 5 in Dodging
  1187 | D:2      | Found Nacvodou's Antique Weapon Shoppe.
  1196 | D:2      | 1196 ||| SHOPLISTING orcbow (87 gold, have 13).
  1304 | D:2      | Found Tileroj's Weapon Boutique.
  1371 | D:2      | 1371 ||| READING scroll of identify.
  1371 | D:2      | 1371 ||| IDENTIFYING lumpy dark potion
  1372 | D:2      | 1372 ||| READING scroll labelled ZOOMOEWN HYJO.
  1374 | D:2      | 1374 ||| Stepping ~*~*~tactically~*~*~ (cloud).
  1382 | D:2      | HP: 4/18 [poisoned by you (poison gas)]
  1479 | D:3      | Found a faded altar of an unknown god.
  1727 | D:3      | Reached XP level 4. HP: 22/22 MP: 5/5
  1822 | D:3      | You fall into a shaft and drop 1 floor!
  1864 | D:4      | Killed from afar by an orc priest

Levels and vault maps discovered:
D:1:      roadster_arrival_rocket_small, layout_basic, minmay_misc_feat_square
D:2:      layout_loops_ring, serial_shops, nicolae_shop_tiny_waterfront,
          shop_statue, shop, shop, nicolae_shop_waterfront
D:3:      layout_rooms, ebering_ecumenical_altar_mist, nicolae_half_adder
D:4:      layout_layer_cave, nicolae_hepliaklqana_hippocampus,
          minmay_temple_entry_overgrown

Skill      XL: |  1  2  3 |
---------------+----------+-----
Dodging        | 3 4 5 |  5.0
Fighting       | |  1.5
Ranged Weapons | |  4.7
Stealth        | |  1.5

Action                     |  1- 3 |  4- 6 || total
---------------------------+-------+-------++-------
   Fire: Shortbow          |    66 |    15 ||    81
    Use: Scroll            |     3 |       ||     3
 Armour: Robe              |     5 |       ||     5
  Dodge: Dodged            |    16 |     6 ||    22

Table legend:
 A = Non-vault XP
 B = Vault XP
 C = Vault XP percentage of total XP
 D = Non-vault monster count
 E = Vault monster count
 F = Vault count percentage of total count
                 A         B        C        D         E       F
            +---------+---------+-------+---------+---------+-------
      Total |     119 |       0 |   0.0 |      29 |       0 |   0.0
            +---------+---------+-------+---------+---------+-------
        D:1 |      17 |       0 |   0.0 |       9 |       0 |   0.0
        D:2 |      39 |       0 |   0.0 |       9 |       0 |   0.0
        D:3 |      41 |       0 |   0.0 |       6 |       0 |   0.0
        D:4 |      22 |       0 |   0.0 |       5 |       0 |   0.0
            +---------+---------+-------+---------+---------+-------
